 Dungeon Crawl Stone Soup version 0.26-a0-613-g4f23886233 (webtiles) character file.

Game seed: 14675829122759036549

35 DogServant the Cudgeler (level 3, 0/34 HPs)
             Began as a Deep Dwarf Berserker on Sept 10, 2020.
             Was a Believer of Trog.
             Slain by a hobgoblin (5 damage)
             ... led by Robin
             ... on level 2 of the Dungeon.
             The game lasted 00:02:13 (578 turns).

DogServant the Cudgeler (Deep Dwarf Berserker)       Turns: 578, Time: 00:02:14

Health: 0/34       AC:  6    Str: 21    XL:     3   Next: 16%
Magic:  3/3        EV: 11    Int:  7    God:    Trog [**....]
Gold:   34         SH:  0    Dex: 12    Spells: 2/2 levels left

rFire    . . .     SeeInvis .   a - +0 mace
rCold    . . .     Faith    .   (no shield)
rNeg     . . .     Spirit   .   c - +0 scale mail
rPois    .         Reflect  .   (no helmet)
rElec    .         Harm     .   (no cloak)
rCorr    .                      (no gloves)
MR       .....                  (no boots)
Stlth    ..........             (no amulet)
HPRegen  0.00/turn              (no ring)
MPRegen  0.08/turn              (no ring)

@: berserk cooldown, non-regenerating, slowed, very slow
A: damage resistance, heal wounds, sense surroundings 1, no regeneration
a: Heal Wounds, Berserk, Trog's Hand, Renounce Religion


You were on level 2 of the Dungeon.
You worshipped Trog.
Trog was pleased with you.
You visited 1 branch of the dungeon, and saw 2 of its levels.

You collected 34 gold pieces.

Inventory:

Hand Weapons
 a - a +0 mace (weapon)
Armour
 b - a +0 animal skin
 c - a +0 scale mail (worn)
Jewellery
 g - a cursed ring of teleportation {unknown}
 h - an uncursed ring of flight {unknown}
Scrolls
 e - a scroll of magic mapping {unknown}
 i - a scroll of blinking {unknown}
Potions
 d - a potion of resistance {unknown}
 f - a potion of curing {unknown}


   Skills:
 + Level 3.0 Fighting
 * Level 3.5 Maces & Flails
 + Level 2.5 Armour
 * Level 2.7 Dodging


You had 2 spell levels left.
You didn't know any spells.
Your spell library was empty.

Dungeon Overview and Level Annotations

Branches:
Dungeon (2/15)

Altars:


Innate Abilities, Weirdness & Mutations

You are resistant to damage.
You can heal yourself by infusing magical energy.
You passively map a small area around you.
You do not regenerate.


Message History

The goblin barely misses you. The goblin hits you.
* * * LOW HITPOINT WARNING * * *
The goblin closely misses you.
You hit the goblin.
The goblin is heavily wounded.
The hobgoblin barely misses you.
A bat comes into view.
The goblin barely misses you. x2; The goblin hits you but does no damage.
The goblin barely misses you. The goblin hits you with a +0 club. x2
* * * LOW HITPOINT WARNING * * *
The hobgoblin closely misses you. The goblin barely misses you.
The goblin closely misses you. The goblin barely misses you.
The goblin hits you but does no damage.
Unknown command.
You hit the goblin.
You kill the goblin!
Trog accepts your kill.
You can now call upon Trog for regeneration and magic resistance.
The goblin hits you with a +0 club. The hobgoblin hits you.
You die...

, #. , #. * * , *
###.##* , ,.....
,, ,, * . ,...# *
** * , ...
..####### , *,
.....##gg.....#
#.....)@gg# , ,
......gggb# ,,
.......gg.... , ,
,..........###..,
, ,..........# *
, ........... ,
.#####.###.. * #.
**... , ,, , *


You could see 3 hobgoblins, 6 goblins and a bat.

Vanquished Creatures
  Robin (D:2)
  A dart slug (D:1)
  2 giant cockroaches (D:1)
  6 hobgoblins (D:1)
  2 bats (D:1)
  4 goblins
  4 kobolds (D:1)
20 creatures vanquished.

Notes
Turn   | Place    | Note
-------+----------+-------------------------------------------
     0 | D:1      | DogServant the Deep Dwarf Berserker began the quest for the
                  | Orb.
     0 | D:1      | Reached XP level 1. HP: 20/20 MP: 1/1
   105 | D:1      | Reached XP level 2. HP: 22/27 MP: 2/2
   562 | D:2      | Noticed Robin
   575 | D:2      | Killed Robin
   575 | D:2      | Reached XP level 3. HP: 24/34 MP: 3/3
   578 | D:2      | Reached ** piety under Trog
   578 | D:2      | Slain by a hobgoblin

Illustrated notes

Levels and vault maps discovered:
D:1:      eino_arrival_cavern_a, layout_basic, minmay_octomino_j4
D:2:      layout_rooms, chequers_serial_rivers_room_a, uniq_crazy_yiuf_cottage,
          uniq_robin

Skill      XL: |  1  2 |
---------------+-------+-----
Fighting       | 3 |  3.0
Maces & Flails | |  3.5
Armour         | |  2.5
Dodging        | |  2.7

Action                   || total
-------------------------++-------
Melee: Mace              ||    58
Invok: Berserk           ||     1
Armor: Animal skin       ||     5
       Scale mail        ||    26
Dodge: Dodged            ||    84

Table legend: (Time is in decaauts)
 A = Elapsed time spent in this place.
 B = Non-inter-level travel time spent in this place.
 C = Inter-level travel time spent in this place.
 D = Time resting spent in this place.
 E = Time spent auto-exploring this place.
 F = Levels seen in this place.
 G = Mean time per level.
                   A        B        C        D        E       F      G
               +--------+--------+--------+--------+--------+-----+--------+
         Total |    586 |    521 |     65 |      0 |    377 |   2 |  293.0 |
       Dungeon |    586 |    521 |     65 |      0 |    377 |   2 |  293.0 |
               +--------+--------+--------+--------+--------+-----+--------+

Top non-repeatable levels by time:
     D:1: 572 daAuts
     D:2: 14 daAuts
